 Dungeon Crawl Stone Soup version 0.27.1-4-g1640c2035a (webtiles) character file.

Game seed: 14622322028012811022

244 H0rd4k the Charlatan (level 6, -3/46 HPs)
             Began as a Human Artificer on Nov 11, 2021.
             Slain by an orc priest (6 damage)
             ... on level 3 of the Dungeon.
             The game lasted 00:04:58 (4028 turns).

H0rd4k the Charlatan (Human Artificer)              Turns: 4028, Time: 00:05:00

Health: -3/46      AC:  4    Str: 13    XL:     6   Next: 32%
Magic:  6/6        EV: 12    Int: 12    God:
Gold:   59         SH:  0    Dex: 14    Spells: 5/5 levels left

rFire    . . .     SeeInvis .   u - +2 dagger (elec)
rCold    . . .     Faith    .   (no shield)
rNeg     . . .     Spirit   .   b - +0 leather armour
rPois    .         Reflect  .   i - +0 helmet
rElec    .         Harm     .   (no cloak)
rCorr    .         Rampage  .   (no gloves)
Will     .....                  (no boots)
Stlth    +.........             (no amulet)
HPRegen  0.15/turn              (no ring)
MPRegen  0.10/turn              (no ring)

@: no status effects
A: no striking features
a: no special abilities


You were on level 3 of the Dungeon.
You visited 1 branch of the dungeon, and saw 3 of its levels.

You collected 59 gold pieces.

Inventory:

Hand Weapons
 f - a +2 dagger of speed
 n - a +3 dagger
 o - a +0 dagger of draining
 u - a +2 dagger of electrocution (weapon)
Missiles
 p - 23 poisoned darts
Armour
 b - a +0 leather armour (worn)
 i - a +0 helmet (worn)
Wands
 c - a wand of flame (6) (quivered)
 d - a wand of charming (3)
Scrolls
 g - a scroll of identify {unknown}
 j - a scroll of teleportation {unknown}
 l - a scroll of blinking {unknown}
 m - a scroll of amnesia {unknown}
 q - a scroll of acquirement {unknown}
 s - a scroll of silence {unknown}
Potions
 h - 3 potions of heal wounds {unknown}
 k - 3 potions of haste {unknown}
 r - a potion of curing {unknown}
 t - a potion of flight {unknown}
Miscellaneous
 e - a piece from Xom's chessboard (15/15)


   Skills:
 + Level 2.5 Fighting
 + Level 3.1 Short Blades
 - Level 2.0 Armour
 + Level 2.5 Dodging
 - Level 1.0 Stealth
 + Level 4.4 Evocations


You had 5 spell levels left.
You didn't know any spells.
Your spell library contained the following spells:

 Spells                   Type           Power      Damage    Failure   Level
 Pain                     Necr           0%         1d4       38%         1
 Sublimation of Blood     Necr           0%         N/A       54%         2
 Petrify                  Tmut/Erth      0%         N/A       99%         4
 Agony                    Necr           0%         N/A       100%        5
 Excruciating Wounds      Necr           0%         N/A       100%        5
 Irradiate                Conj/Tmut      0%         3d13      100%        5


Dungeon Overview and Level Annotations

Branches:
Dungeon (3/15)

Altars:

Shops:
D:2 (

Annotations:
D:2 Terence
D:3 exclusion: upstairs


Message History

You kill the orc!
You hit the orc but do no damage.
The orc priest looks satisfied for a moment.
You hit the orc.
The orc is heavily wounded.
The orc priest looks encouraged for a moment.
You hit the orc but do no damage.
The orc is heavily wounded.
The orc hits you but does no damage.
The orc priest looks braver for a moment.
The orc priest miscasts a cantrip.
You barely miss the orc.
The orc is heavily wounded.
The orc hits you with a +0 dagger.
The orc priest invokes the aid of Beogh against you.
Pain shoots through your body!
The orc priest looks satisfied for a moment.
Unknown command.
You hit the orc. Lightning courses through the orc!
You kill the orc!
You hit the orc priest.
The orc priest is moderately wounded.
You hit the orc priest.
The orc priest is severely wounded.
The orc priest invokes the aid of Beogh against you.
Beogh smites you!
* * * LOW HITPOINT WARNING * * *
Aiming: Charm
Press: ? - help, Shift-Dir - straight line, f - orc priest
Aim: an orc priest, wielding a +0 whip and wearing a +0 ring mail (chance to affect: 59%)
The orc priest resists with significant effort.
The orc priest barely misses you. The orc priest closely misses you.
Unknown command.
Aiming: Charm
Press: ? - help, Shift-Dir - straight line, f/p - orc priest
Aim: an orc priest, wielding a +0 whip and wearing a +0 ring mail (chance to affect: 59%)
The orc priest is charmed.
Your orc priest barely misses the orc priest.
The orc priest hits you with a +0 flail.
You die...

............. ....
##.....####.# ...# ..
.......# ...#... ####.###
# ...#... ..<#..#####..
........ .............
......
..##..###....####..#
#.##...........oo..#
#.##...#.......#@..#
#.##...#.≈...o.#...#
#.##...#.....oo#...#
#.##...#.......#...#
#.##...#.......#...#
#.##...#.≈...≈.#...#
#.#....#.......#.>.####...
#.#.#..##.. #..........
#.#.#..###$⌠ ##...####...


You could see an orc priest (ally target) and a friendly orc priest (charmed).

Vanquished Creatures
  A hound (D:3)
  An orc priest (D:3)
  Natasha (twice) (D:2)
  3 adders
  2 worms
  2 dart slugs
  9 orcs (D:3)
  6 ball pythons
  5 bats
  4 endoplasms
  A giant cockroach (D:3)
  14 goblins
  6 hobgoblins
  5 jackals
  3 quokkas
  10 frilled lizards
  5 kobolds
  6 rats
85 creatures vanquished.

Vanquished Creatures (collateral kills)
  A hobgoblin (D:2)
1 creature vanquished.

Vanquished Creatures (others)
  Robin (D:2)
  A goblin (D:2)
  7 plants (D:2)
9 creatures vanquished.

Grand Total: 95 creatures vanquished

Notes
Turn   | Place    | Note
-------+----------+-------------------------------------------
     0 | D:1      | H0rd4k the Human Artificer began the quest for the Orb.
     0 | D:1      | Reached XP level 1. HP: 15/15 MP: 1/1
   509 | D:1      | Reached XP level 2. HP: 11/21 MP: 2/2
  1124 | D:1      | Reached XP level 3. HP: 26/26 MP: 3/3
  1540 | D:1      | Reached skill level 4 in Evocations
  1801 | D:2      | Reached XP level 4. HP: 25/32 MP: 4/4
  1937 | D:2      | Found a faded altar of an unknown god.
  2091 | D:2      | Reached skill level 1 in Short Blades
  2215 | D:2      | Found Viezamme's Antique Weapon Shoppe.
  2391 | D:2      | Noticed Natasha
  2420 | D:2      | Killed Natasha
  2636 | D:2      | Noticed Natasha
  2639 | D:2      | Reached XP level 5. HP: 38/38 MP: 5/5
  2774 | D:2      | Killed Natasha
  2845 | D:2      | Noticed Terence
  2850 | D:2      | Noticed Robin
  2869 | D:2      | Your ally died
  3984 | D:3      | Reached XP level 6. HP: 46/46 MP: 6/6
  4028 | D:3      | Slain by an orc priest

Illustrated notes

Levels and vault maps discovered:
D:1:      scummos_arrival_simple_fountains, layout_basic
D:2:      layout_loops_ring, shapermc_ecumenical_altar_gd, serial_shops, shop,
          minmay_lizard_king, uniq_natasha, uniq_terence, uniq_robin
D:3:      cheibrodos_pilgrimage, layout_basic, minmay_quadrilaterals

Skill      XL: |  1  2  3  4  5  6 |
---------------+-------------------+-----
Evocations     | 4 |  4.4
Short Blades   | 1 2 3 |  3.1
Fighting       | 2 |  2.5
Dodging        | 2 |  2.5
Armour         | |  2.0
Stealth        | |  1.0

Action                   |  1- 3 |  4- 6 || total
-------------------------+-------+-------++-------
Melee: Club              |    59 |       ||    59
       Dagger            |    80 |   224 ||   304
Evoke: Wand              |     4 |    17 ||    21
 Stab: Sleeping          |     1 |     1 ||     2
Armor: Leather armour    |    38 |    42 ||    80
Dodge: Dodged            |    68 |    83 ||   151
